 Dungeon Crawl Stone Soup version 0.23-a0-358-g98c7a59 (webtiles) character file.

11486 Charly the Fighter (level 11, -8/123 HPs)
             Began as an Ogre Fighter on Oct 22, 2018.
             Was an Elder of Wu Jian.
             Mangled by a five-headed hydra (13 damage)
             ... on level 3 of the Lair of Beasts.
             The game lasted 01:00:29 (15002 turns).

Charly the Fighter (Ogre Fighter)                  Turns: 15002, Time: 01:00:30

Health: -8/123     AC:  4    Str: 26    XL:     11   Next: 78%
Magic:  14/14      EV:  8    Int:  9    God:    Wu Jian [****..]
Gold:   214        SH: 22    Dex: 11    Spells: 9/10 levels left

rFire    x . .     SeeInvis .   a - +3 whip (elec)
rCold    + . .     Gourm    .   r - +0 large shield
rNeg     . . .     Faith    .   i - +0 robe
rPois    .         Spirit   .   o - +1 hat
rElec    .         Reflect  +   E - scarf {repulsion}
rCorr    +         Harm     .   (gloves unavailable)
MR       +....                  (boots unavailable)
Stlth    +.........             u - +5 amulet of reflection
HPRegen  0.30/turn              t - ring "Xookk" {rCorr Str+4}
MPRegen  0.14/turn              c - ring of ice

@: repel missiles
A: large, unfitting armour, tough skin 1
a: Wall Jump, Serpent's Lash, Renounce Religion


You were on level 3 of the Lair of Beasts.
You worshipped Wu Jian.
Wu Jian was greatly pleased with you.
You were hungry.

You visited 2 branches of the dungeon, and saw 12 of its levels.
You also visited: Sewer.

You collected 610 gold pieces.
You spent 396 gold pieces at shops.

Inventory:

Hand Weapons
 a - a +3 whip of electrocution (weapon)
 b - a +1 dagger of venom
 z - a +0 blowgun
Missiles
 e - a tomahawk of dispersal
 p - a tomahawk of returning (quivered)
 F - a throwing net
Armour
 i - a +0 robe (worn)
 o - a +1 hat (worn)
 r - a +0 large shield (worn)
 E - a scarf of repulsion (worn)
Jewellery
 c - a ring of ice (right hand)
 m - an uncursed ring of protection from magic
 t - the ring "Xookk" (left hand) {rCorr Str+4}
   (You found it on level 5 of the Dungeon)

   [ring of resist corrosion]

   It affects your strength (+4).
 u - a +5 amulet of reflection (around neck)
 M - an uncursed ring of resist corrosion {unknown}
Wands
 v - a wand of flame (11)
 w - a wand of scattershot (3)
 x - a wand of polymorph (9)
 y - a wand of paralysis (9)
 K - a wand of iceblast (4)
Scrolls
 d - 6 scrolls of teleportation
 h - 4 scrolls of immolation
 s - a scroll of silence {unknown}
 D - a scroll of fear {unknown}
 G - 2 scrolls of remove curse
 J - a scroll of brand weapon {unknown}
Potions
 g - 4 potions of haste
 j - 4 potions of heal wounds
 k - 2 potions of mutation
 l - 4 potions of might
 n - 3 potions of flight
 q - a potion of magic
 A - a potion of resistance {unknown}
 B - 2 potions of ambrosia {unknown}
 C - a potion of lignification
 H - a potion of cancellation {unknown}
 I - a potion of brilliance {unknown}
 L - a potion of invisibility {unknown}
Comestibles
 f - 13 rations


   Skills:
 + Level 11.9 Fighting
 * Level 11.5 Maces & Flails
 - Level 3.4 Dodging
 + Level 7.8 Shields
 + Level 4.9 Evocations


You had 9 spell levels left.
You knew the following spells:

 Your Spells              Type           Power        Failure   Level  Hunger
a - Animate Skeleton      Necr           N/A          88%         1    ##.....

Your spell library contained the following spells:

 Spells                   Type           Power        Failure   Level  Hunger
 Apportation              Tloc           #.....       88%         1    ##.....
 Confusing Touch          Hex            #.....       88%         1    ##.....
 Summon Small Mammal      Summ           #...         88%         1    ##.....


Dungeon Overview and Level Annotations

Branches:
Dungeon (9/15)             Temple (0/1) D:4            Lair (3/6) D:9
  Snake (0/4) Lair:2
  Swamp: Lair:2-4    Shoals: Lair:2-4       Orc: D:9-12

Altars:
Dithmenos
Elyvilon
Gozag
Hepliaklqana
Kikubaaqudgha
Nemelex Xobeh
Okawaru
Qazlal
Ru
Sif Muna
Vehumet
Wu Jian
Zin
The Shining One

Shops:
D:5 *

Annotations:
Lair:2 exclusion: oklob plant


Innate Abilities, Weirdness & Mutations

You are too large for most types of armour.
You have tough skin. (AC +1)


Message History

You feel less exhausted.
Aiming: Wall Jump
Press: ? - help, Dir - move target cursor You repeatedly attack the five-headed hydra from above.
You hit the five-headed hydra.
The five-headed hydra is severely wounded.
You whack the five-headed hydra!
The five-headed hydra is almost dead.
You hit the five-headed hydra.
The five-headed hydra is almost dead.
You block the five-headed hydra's attack. x3
The five-headed hydra bites you.
* * * LOW HITPOINT WARNING * * *
The five-headed hydra bites you!
* * * LOW HITPOINT WARNING * * *
The five-headed hydra bites you.
* * * LOW HITPOINT WARNING * * *
The five-headed hydra barely misses you.
The five-headed hydra bites you!
You die...

............#
.................##
.................#
#...............#
######..[..#.##.P#P..#
#....#.>....######PP.#
#..........##.#P###..#
....##......##.§§#...#
#...........##.D@§...#
#....#.........§###..#
....P.[....###..# #..#
#..)..<....##..>.....#
#...#......##...###...
#...#.......#####
#..## #..#.#......###
#..# ..).............
.... ................


You could see a five-headed hydra.

Vanquished Creatures
  3 elephants (Lair:3)
  3 spiny frogs
  4 rime drakes
  A komodo dragon (Lair:1)
  Grinder (D:5)
  A dream sheep (Lair:3)
  5 hippogriffs
  3 basilisks
  2 wyverns
  3 yaks (Lair:2)
  A steam dragon (D:9)
  3 nagas (Lair:2)
  6 water moccasins
  A porcupine (Lair:2)
  2 ice beasts
  2 sky beasts
  3 ogres
  2 black bears
  11 wolves
  A phantom (D:9)
  4 centaurs
  4 crocodiles
  4 big kobolds
  6 bullfrogs
  A water moccasin zombie (D:6)
  A scorpion (D:5)
  2 electric eels (Lair:1)
  A howler monkey (D:8)
  A jelly (D:7)
  4 crimson imps
  2 bullfrog zombies (D:6)
  A bullfrog skeleton (D:6)
  2 gnoll shamans
  3 hounds
  5 orc priests
  7 orc wizards
  A centaur skeleton (D:9)
  An iguana (D:9)
  7 worker ants
  A hound zombie (D:7)
  2 hound skeletons
  A howler monkey zombie (D:6)
  Robin (D:3)
  10 gnolls
  A howler monkey skeleton (D:5)
  15 adders
  2 river rats (Sewer)
  A shadow imp (D:5)
  3 oozes
  An adder skeleton (D:6)
  2 adder zombies
  2 worms
  5 dart slugs
  8 leopard geckos
  32 orcs
  10 giant cockroaches
  16 goblins
  10 hobgoblins
  9 jackals
  4 quokkas
  5 bats
  7 frilled lizards
  30 kobolds
  A leopard gecko zombie (D:7)
  6 rats
300 creatures vanquished.

Vanquished Creatures (others)
  3 fungi
  A plant (Lair:3)
4 creatures vanquished.

Grand Total: 304 creatures vanquished

Notes
Turn   | Place    | Note
-------+----------+-------------------------------------------
     0 | D:1      | Charly the Ogre Fighter began the quest for the Orb.
     0 | D:1      | Reached XP level 1. HP: 24/24 MP: 1/1
   248 | D:1      | Reached XP level 2. HP: 28/32 MP: 2/2
   755 | D:1      | Reached XP level 3. HP: 40/40 MP: 3/3
  1913 | D:2      | Noticed a centaur
  1922 | D:2      | Killed a centaur
  1922 | D:2      | Reached skill level 5 in Fighting
  1922 | D:2      | Reached XP level 4. HP: 6/50 MP: 4/4
  1922 | D:2      | Reached XP level 5. HP: 6/57 MP: 5/5
  3355 | D:3      | Reached XP level 6. HP: 33/67 MP: 6/6
  3685 | D:3      | Found an ornate altar of the Wu Jian Council.
  3686 | D:3      | Found a white marble altar of Elyvilon.
  3698 | D:3      | Became a worshipper of the Wu Jian Council
  3822 | D:3      | Noticed Robin
  4085 | D:3      | Found a stormy altar of Qazlal.
  4209 | D:3      | Found an ornate altar of the Wu Jian Council.
  4210 | D:3      | Found a white marble altar of Elyvilon.
  4284 | D:3      | Reached skill level 5 in Maces & Flails
  4289 | D:3      | Killed Robin
  4460 | D:3      | Found a stormy altar of Qazlal.
  4752 | D:4      | Found a glowing drain.
  4763 | Sewer    | Entered a sewer
  4768 | Sewer    | Reached * piety under Wu Jian
  4876 | Sewer    | Reached XP level 7. HP: 71/76 MP: 7/7
  4946 | Sewer    | Found a white marble altar of Elyvilon.
  5216 | D:4      | Found a glowing silver altar of Zin.
  5534 | D:4      | Found a staircase to the Ecumenical Temple.
  5616 | D:5      | Entered Level 5 of the Dungeon
  5829 | D:5      | Found a shadowy altar of Dithmenos.
  5885 | D:5      | Got a brightly glowing lead ring
  5932 | D:5      | Noticed Grinder
  5934 | D:5      | Identified the ring "Xookk" {rCorr Str+4} (You found it on
                  | level 5 of the Dungeon)
  6043 | D:5      | Found Esea's Assorted Antiques.
  6052 | D:5      | Bought a scroll of teleportation for 66 gold pieces
  6052 | D:5      | Bought a scroll labeled ZALUT HURAIMU for 22 gold pieces
  6190 | D:5      | Reached XP level 8. HP: 78/87 MP: 8/8
  6681 | D:5      | Reached ** piety under Wu Jian
  6988 | D:6      | Found an opulent altar of Gozag.
  7485 | D:6      | Reached XP level 9. HP: 94/97 MP: 9/9
  7837 | D:6      | Found a radiant altar of Vehumet.
  8129 | D:5      | Bought a tapered bone wand for 88 gold pieces
  8170 | D:6      | Reached skill level 5 in Shields
  8238 | D:7      | Learned a level 1 spell: Animate Skeleton
  8299 | D:7      | Reached *** piety under Wu Jian
  8556 | D:7      | Found a deep blue altar of Sif Muna.
  9038 | D:8      | Reached skill level 1 in Evocations
  9239 | D:8      | Reached XP level 10. HP: 66/110 MP: 11/11
  9727 | D:8      | Found a sacrificial altar of Ru.
  9791 | D:8      | Found an ancient bone altar of Kikubaaqudgha.
 10180 | D:9      | Reached skill level 10 in Fighting
 10497 | D:9      | Reached **** piety under Wu Jian
 10574 | D:9      | Found a glowing golden altar of the Shining One.
 10760 | D:9      | Found a hazy altar of Hepliaklqana.
 10825 | D:9      | Found a staircase to the Lair.
 10918 | D:9      | Found an iron altar of Okawaru.
 11194 | D:5      | Bought a potion of haste for 220 gold pieces
 11223 | D:5      | Killed Grinder
 11258 | D:5      | Found a sacrificial altar of Ru.
 11452 | Lair:1   | Entered Level 1 of the Lair of Beasts
 11483 | D:9      | Reached skill level 10 in Maces & Flails
 11944 | Lair:1   | Noticed a spiny frog
 11960 | Lair:1   | Killed a spiny frog
 12413 | Lair:1   | Noticed a spiny frog
 12426 | Lair:1   | Killed a spiny frog
 12877 | Lair:1   | Reached XP level 11. HP: 110/120 MP: 13/13
 13220 | Lair:2   | Found a sparkling altar of Nemelex Xobeh.
 13220 | Lair:2   | Noticed an oklob plant
 14017 | Lair:2   | Found a staircase to the Snake Pit.
 14973 | Lair:3   | Noticed a five-headed hydra
 15002 | Lair:3   | HP: 5/123 [five-headed hydra (3)]
 15002 | Lair:3   | Mangled by a five-headed hydra

Vault maps used:
D:1:      lemuel_arrival_funnel
D:2:      nrook_mini_backslash
D:3:      lemuel_coloured_pillars_altar, minitemple, uniq_robin
D:4:      lemuel_crystal_altar, minmay_temple_entry_glassed_door,
          portal_sewer_entry_f, first_ration, minivault_14
D:5:      nicolae_dithmenos_through_a_glass_darkly, serial_shops,
          nicolae_shop_overgrown_old_shop, minmay_misc_feat_more_columns,
          nicolae_ru_awakened_eye, uniq_grinder
D:6:      marbit_many_paths, grunt_gozag_breadcrumbs, minmay_unpleasant_kobolds
D:7:      kennysheep_little_box, nicolae_lava_and_water
D:8:      kiku_gazebo_pond_becter, lemuel_doored_altar
D:9:      lemuel_crystal_altar, okawaru_altar_gauntlet_db,
          nicolae_overflow_crystal_walls, lair_entry_dummy
Lair:1:   serial_bayou_shore_a, serial_bayou_shore_b, serial_bayou_shore_b
Lair:2:   minmay_snake_entry_guardpost_medium, lemuel_oklob_altar,
          grunt_megastairs_1, serial_bayou_shore_b
Lair:3:   grunt_forest_large_clearing_hut
Sewer:    sewer_kobolds

Skill      XL: |  1  2  3  4  5  6  7  8  9 10 11 |
---------------+----------------------------------+-----
Maces & Flails | 2 4 5 6 7 9 10 11 | 11.5
Fighting       | 5 6 7 8 9 11 | 11.9
Shields        | 3 4 5 6 7 |  7.8
Dodging        | 3 |  3.4
Evocations     | 1 3 4 |  4.9

Action                   |  1- 3 |  4- 6 |  7- 9 | 10-12 || total
-------------------------+-------+-------+-------+-------++-------
Melee: Flail             |    84 |    57 |       |       ||   141
       Mace              |       |    33 |       |       ||    33
       Whip              |       |   120 |   328 |   351 ||   799
       Dagger            |       |       |     8 |     5 ||    13
Throw: Javelin           |    24 |    29 |    39 |       ||    92
       Tomahawk          |       |       |    32 |    40 ||    72
Invok: Lunge             |       |    11 |    67 |    52 ||   130
       Whirlwind         |       |       |     5 |    51 ||    56
       Serpent's Lash    |       |       |       |     3 ||     3
 Abil: Wall Jump         |       |       |    15 |    27 ||    42
Evoke: Wand              |       |       |    12 |    43 ||    55
  Use: Potion            |     4 |       |       |     1 ||     5
       Scroll            |     3 |     1 |     9 |     1 ||    14
 Stab: Sleeping          |       |     2 |     1 |     1 ||     4
       Paralysed         |       |       |     4 |    41 ||    45
  Eat: Chunk             |     3 |    10 |    14 |    11 ||    38
       Ration            |       |       |       |     2 ||     2
Armor: Robe              |    24 |    30 |    27 |    11 ||    92
       Skin              |     4 |       |       |       ||     4
Dodge: Dodged            |    24 |    56 |    31 |    29 ||   140
       Deflected         |       |       |       |     5 ||     5
Block: Shield            |    39 |    87 |    34 |       ||   160
       Large shield      |       |       |    91 |   161 ||   252
       Reflection        |       |       |       |     1 ||     1

Table legend:
 A = Non-vault XP
 B = Vault XP
 C = Vault XP percentage of total XP
 D = Non-vault monster count
 E = Vault monster count
 F = Vault count percentage of total count
                 A         B        C        D         E       F
            +---------+---------+-------+---------+---------+-------
      Total |   15235 |    1174 |   7.2 |     254 |      46 |  15.3
            +---------+---------+-------+---------+---------+-------
        D:1 |      35 |       0 |   0.0 |      15 |       0 |   0.0
        D:2 |     240 |       1 |   0.4 |      29 |       1 |   3.3
        D:3 |     175 |      34 |  16.3 |      20 |      11 |  35.5
        D:4 |     218 |      14 |   6.0 |      21 |       6 |  22.2
        D:5 |     975 |     281 |  22.4 |      32 |       1 |   3.0
        D:6 |    1064 |      50 |   4.5 |      27 |       7 |  20.6
        D:7 |    1031 |       0 |   0.0 |      33 |       0 |   0.0
        D:8 |     942 |       0 |   0.0 |      13 |       0 |   0.0
        D:9 |    1256 |      36 |   2.8 |      20 |       6 |  23.1
     Lair:1 |    2785 |       0 |   0.0 |      15 |       0 |   0.0
     Lair:2 |    2635 |     626 |  19.2 |      14 |       4 |  22.2
     Lair:3 |    3879 |       0 |   0.0 |      15 |       0 |   0.0
      Sewer |       0 |     132 | 100.0 |       0 |      10 | 100.0
            +---------+---------+-------+---------+---------+-------
